 Dungeon Crawl Stone Soup version 0.31-a0-187-gba352fbbf7 (webtiles) character file.

Game seed: 15951359456206402020

546 qw the Skirmisher (level 7, -4/40 HPs)
             Began as a Deep Elf Hunter on June 22, 2023.
             Slain by a gnoll bouda
             ... wielding a +0 club
              (8 damage)
             ... on level 5 of the Dungeon.
             The game lasted 00:02:04 (4156 turns).

qw the Skirmisher (Deep Elf Hunter)                 Turns: 4156, Time: 00:02:04

Health: -4/40      AC:  9    Str: 10    XL:     7   Next: 6%
Magic:  9/9        EV: 11    Int: 14    God:
Gold:   53         SH:  0    Dex: 18    Spells: 6/6 levels left

rFire   . . .        Y - +1 shortbow
rCold   + . .        (shield currently unavailable)
rNeg    . . .        b - +0 ring mail
rPois   .            h - +2 helmet
rElec   .            (no cloak)
rCorr   .            (no gloves)
SInv    .            f - +0 pair of boots
Will    ++...        (no amulet)
Stlth   +            k - ring of willpower
HPRegen 0.26/turn    (no ring)
MPRegen 0.11/turn

%: no passive effects
@: no status effects
A: cold resistance 1, strong-willed 1
a: no special abilities


You were on level 5 of the Dungeon.
You visited 1 branch of the dungeon, and saw 5 of its levels.

You collected 215 gold pieces.
You spent 162 gold pieces at shops.


Innate Abilities, Weirdness & Mutations

Your flesh is cold resistant. (rC+)
You are strong-willed. (Will+)


   Skills:
 - Level 2.0 Fighting
 + Level 10.1 Ranged Weapons
 - Level 2.1 Armour
 - Level 3.1 Dodging
 - Level 1.2 Stealth


You had 6 spell levels left.
You didn't know any spells.
Your spell library was empty.

Inventory:

Hand Weapons
 Y - a +1 shortbow (weapon)
Armour
 b - a +0 ring mail (worn)
 f - a +0 pair of boots (worn)
 h - a +2 helmet (worn)
Jewellery
 k - a ring of willpower (left hand)
Scrolls
 e - a scroll of identify
Potions
 a - 3 potions of curing
 c - a potion of haste
 d - a potion of mutation
 g - 3 potions of cancellation
 i - a potion of enlightenment
 j - 3 potions of might
 l - a potion of resistance

Dungeon Overview and Level Annotations

Branches:
Dungeon (5/15)
 Temple: D:4-7

Altars:
Ashenzari
Qazlal
Ru
Sif Muna
Trog

Shops:
D:4 *!

Annotations:
D:2 1 runed translucent door, Crazy Yiuf
D:5 Ijyb


Message History

You kill the gnoll!
Your Dodging skill increases to level 3!
You shoot an arrow.
The arrow hits the gnoll bouda but does no damage.
You shoot an arrow. The arrow hits the gnoll bouda.
The gnoll bouda is lightly wounded.
The gnoll bouda hits you but does no damage.
You shoot an arrow. The arrow hits the gnoll bouda.
The gnoll bouda is moderately wounded.
The gnoll bouda completely misses you.
The gnoll bouda barks out a call to the hunt!
The gnoll picks up the pace!
The gnoll closely misses you.
You shoot an arrow. The arrow hits the gnoll bouda.
The gnoll bouda is heavily wounded.
The gnoll hits you but does no damage. The gnoll bouda closely misses you.
You shoot an arrow. The arrow hits the gnoll bouda.
The gnoll bouda is almost dead.
The gnoll hits you from afar with a +0 halberd.
The gnoll bouda mumbles some strange prayers to its god.
The gnoll bouda is healed somewhat.
You shoot an arrow. The arrow hits the gnoll bouda.
The gnoll bouda is severely wounded.
The gnoll hits you from afar with a +0 halberd.
The gnoll bouda hits you with a +0 club.
You shoot an arrow.
The arrow hits the gnoll bouda but does no damage.
The gnoll bouda is severely wounded.
The gnoll barely misses you.
The gnoll bouda mumbles some strange prayers to its god.
The gnoll bouda is healed somewhat.
You shoot an arrow. The arrow hits the gnoll bouda!
The gnoll bouda is severely wounded.
Ijyb screams, "I no like you!" The gnoll hits you but does no damage.
The gnoll bouda closely misses you.
You shoot an arrow. The arrow hits the gnoll bouda.
The gnoll bouda is severely wounded.
The gnoll hits you from afar with a +0 halberd!
The gnoll bouda hits you with a +0 club!
You die...

#.#~._.~# #.#~...~#
#.#.~~~.# #.#.....#
##.#...#. ##.#.#.#
##.#.##
################..##
#gg@................
#g##################
#. .. ##g gg .. ..


You could see Ijyb, a gnoll bouda and a gnoll (swift).

Vanquished Creatures
  Sigmund (D:2)
  A black bear (D:4)
  A jelly (D:5)
  A hound (D:4)
  3 iguanas
  2 gnolls
  3 adders
  A white imp (D:5)
  2 dart slugs
  7 orcs
  3 endoplasms
  4 giant cockroaches
  11 goblins
  10 hobgoblins
  7 jackals
  5 quokkas
  5 ball pythons
  6 bats
  4 frilled lizards
  7 kobolds
  8 rats
92 creatures vanquished.

Notes
Turn   | Place    | Note
-------+----------+-------------------------------------------
     0 | D:1      | qw the Deep Elf Hunter began the quest for the Orb.
     0 | D:1      | Reached XP level 1. HP: 12/12 MP: 3/3
     0 | D:1      | 0 ||| qw: Version: 0.3-a-9-g12657ce
     0 | D:1      | 0 ||| qw: Game counter: 2720
     0 | D:1      | 0 ||| qw: Always use a shield: true
     0 | D:1      | 0 ||| qw: God list: Okawaru
     0 | D:1      | 0 ||| qw: Allow faded altars: false
     0 | D:1      | 0 ||| qw: Do Orc after D:15 true
     0 | D:1      | 0 ||| qw: Do second Lair branch before Depths: true
     0 | D:1      | 0 ||| qw: Lair rune preference: random
     0 | D:1      | 0 ||| qw: Plans: Normal
     0 | D:1      | 0 ||| PLANNING D:1-11
   244 | D:1      | Reached skill level 6 in Ranged Weapons
   244 | D:1      | Reached XP level 2. HP: 16/16 MP: 4/4
   752 | D:1      | Reached XP level 3. HP: 20/20 MP: 5/5
  1134 | D:1      | 1134 ||| UPGRADING to +2 helmet.
  1139 | D:1      | 1139 ||| READING scroll labelled XIGOHETAER.
  1140 | D:1      | 1140 ||| READING scroll labelled FUIPTI GUIMYRARACI.
  1141 | D:1      | 1141 ||| DRINKING 2 fuming blue potions.
  1141 | D:1      | Gained mutation: You are strong-willed. (Will+) [potion of
                  | mutation]
  1141 | D:1      | Gained mutation: Your flesh is cold resistant. (rC+)
                  | [potion of mutation]
  1142 | D:1      | 1142 ||| DROPPING scroll of butterflies.
  1144 | D:1      | 1144 ||| Stepping ~*~*~tactically~*~*~ (cloud).
  1148 | D:1      | HP: 5/20 [poisoned by you (poison gas)]
  1152 | D:1      | HP: 2/20 [poisoned by you (poison gas)]
  1265 | D:2      | Reached skill level 7 in Ranged Weapons
  1278 | D:2      | Found a runed translucent door.
  1279 | D:2      | Noticed Crazy Yiuf
  1307 | D:2      | Identified the +2 war axe of Zin's Hope {flame, *Rage rElec
                  | Str+3 SInv}
  1729 | D:2      | Noticed Sigmund
  1734 | D:2      | Killed Sigmund
  1735 | D:2      | Reached skill level 9 in Ranged Weapons
  1735 | D:2      | Reached XP level 4. HP: 13/25 MP: 6/6
  1735 | D:2      | Reached XP level 5. HP: 15/29 MP: 7/7
  1735 | D:2      | 1735 ||| FLEEEEING.
  1736 | D:2      | 1736 ||| FLEEEEING.
  1737 | D:2      | 1737 ||| FLEEEEING.
  1738 | D:2      | 1738 ||| FLEEEEING.
  1739 | D:2      | 1739 ||| FLEEEEING.
  1740 | D:2      | 1740 ||| FLEEEEING.
  1741 | D:2      | 1741 ||| FLEEEEING.
  1742 | D:2      | 1742 ||| FLEEEEING.
  1743 | D:2      | 1743 ||| FLEEEEING.
  1744 | D:2      | 1744 ||| FLEEEEING.
  1745 | D:2      | 1745 ||| FLEEEEING.
  1746 | D:2      | 1746 ||| FLEEEEING.
  1747 | D:2      | 1747 ||| FLEEEEING.
  1748 | D:2      | 1748 ||| FLEEEEING.
  1749 | D:2      | 1749 ||| FLEEEEING.
  1750 | D:2      | 1750 ||| FLEEEEING.
  1751 | D:2      | 1751 ||| FLEEEEING.
  1752 | D:2      | 1752 ||| FLEEEEING.
  1753 | D:2      | 1753 ||| FLEEEEING.
  1754 | D:2      | 1754 ||| FLEEEEING.
  1755 | D:2      | 1755 ||| FLEEEEING.
  1756 | D:2      | 1756 ||| FLEEEEING.
  1757 | D:2      | 1757 ||| FLEEEEING.
  1758 | D:2      | 1758 ||| FLEEEEING.
  1759 | D:2      | 1759 ||| FLEEEEING.
  1760 | D:2      | 1760 ||| FLEEEEING.
  1761 | D:2      | 1761 ||| FLEEEEING.
  1762 | D:2      | 1762 ||| FLEEEEING.
  1763 | D:2      | 1763 ||| FLEEEEING.
  1764 | D:2      | 1764 ||| FLEEEEING.
  1765 | D:2      | 1765 ||| FLEEEEING.
  1766 | D:2      | 1766 ||| FLEEEEING.
  1767 | D:2      | 1767 ||| FLEEEEING.
  1768 | D:2      | 1768 ||| FLEEEEING.
  1769 | D:2      | 1769 ||| FLEEEEING.
  1770 | D:2      | 1770 ||| FLEEEEING.
  1771 | D:2      | 1771 ||| FLEEEEING.
  1772 | D:2      | 1772 ||| FLEEEEING.
  1773 | D:2      | 1773 ||| FLEEEEING.
  1774 | D:2      | 1774 ||| STAIRDANCE
  1792 | D:1      | 1792 ||| UPGRADING to +0 scale mail.
  1802 | D:1      | 1802 ||| UPGRADING to +0 ring mail.
  1812 | D:1      | 1812 ||| DROPPING +0 scale mail.
  1813 | D:1      | 1813 ||| DROPPING +0 leather armour.
  1814 | D:1      | 1814 ||| UPGRADING to +0 pair of boots.
  1819 | D:1      | 1819 ||| READING scroll labelled YMPO HAPIAZUS.
  1820 | D:1      | 1820 ||| READING scroll labelled UDO HACONOIRA.
  1821 | D:1      | 1821 ||| READING 2 scrolls of identify.
  1821 | D:1      | 1821 ||| IDENTIFYING puce potion
  2409 | D:2      | 2409 ||| Stepping randomly (stuck).
  2748 | D:3      | Found a broken altar of Ashenzari.
  2748 | D:3      | Found a bloodstained altar of Trog.
  2750 | D:3      | 2750 ||| READING scroll labelled SIRIAK LENAD VER.
  2820 | D:3      | Reached XP level 6. HP: 34/35 MP: 8/8
  2842 | D:3      | 2842 ||| READING 2 scrolls of identify.
  2842 | D:3      | 2842 ||| IDENTIFYING murky grey potion
  2904 | D:4      | Found a shimmering blue altar of Sif Muna.
  2921 | D:4      | Found Byetymy's Distillery.
  2927 | D:4      | 2927 ||| BUYING potion of curing (30 gold).
  2927 | D:4      | Bought a potion of curing for 30 gold pieces
  2927 | D:4      | 2927 ||| BUYING potion of enlightenment (50 gold).
  2927 | D:4      | Bought a potion of enlightenment for 50 gold pieces
  2927 | D:4      | 2927 ||| BUYING potion of might (40 gold).
  2927 | D:4      | Bought a potion of might for 40 gold pieces
  2927 | D:4      | 2927 ||| SHOPLISTING potion of mutation (80 gold, have 39).
  3139 | D:4      | Found Qibikuydd's General Store.
  3209 | D:4      | 3209 ||| BUYING potion of curing (42 gold).
  3209 | D:4      | Bought a potion of curing for 42 gold pieces
  3209 | D:4      | 3209 ||| SHOPLISTING potion of mutation (112 gold, have
                  | 24).
  3209 | D:4      | 3209 ||| SHOPLISTING scroll of identify (28 gold, have 24).
  3797 | D:4      | 3797 ||| UPGRADING to ring of willpower.
  3798 | D:4      | 3798 ||| READING 2 scrolls of identify.
  3798 | D:4      | 3798 ||| IDENTIFYING brown potion
  3830 | D:5      | Entered Level 5 of the Dungeon
  3909 | D:5      | Found a stormy altar of Qazlal.
  3988 | D:5      | Reached skill level 10 in Ranged Weapons
  4027 | D:5      | Found a sacrificial altar of Ru.
  4057 | D:5      | Reached XP level 7. HP: 40/40 MP: 9/9
  4136 | D:5      | Noticed Ijyb
  4137 | D:5      | 4137 ||| Stepping ~*~*~tactically~*~*~ (outnumbered).
  4139 | D:5      | 4139 ||| Stepping ~*~*~tactically~*~*~ (outnumbered).
  4148 | D:5      | Reached skill level 3 in Dodging
  4156 | D:5      | HP: 4/40 [gnoll/+0 halberd[a gnoll bouda] (12)]
  4156 | D:5      | Slain by a gnoll bouda

Levels and vault maps discovered:
D:1:      dpeg_arrival_arbitrary_a, layout_basic
D:2:      layout_loops_cross, uniq_sigmund, uniq_crazy_yiuf_cottage
D:3:      layout_rooms, jmf_multi_god_temple, st_stairs_11
D:4:      layout_basic, kennysheep_mini_moat, serial_shops, shop,
          nicolae_shop_hallway_stairs, nicolae_figureground_sparkle
D:5:      layout_basic, mainiacjoe_overflow_surrounded_room,
          nicolae_ru_awakened_eye, uniq_ijyb

Skill      XL: |  1  2  3  4  5  6  7 |
---------------+----------------------+-----
Ranged Weapons | 6 9 10 | 10.1
Fighting       | 2 |  2.0
Armour         | 2 |  2.1
Dodging        | 3 |  3.1
Stealth        | |  1.2

Action                     |  1- 3 |  4- 6 |  7- 9 || total
---------------------------+-------+-------+-------++-------
   Fire: Shortbow          |   106 |   157 |    17 ||   280
    Use: Scroll            |     2 |     6 |       ||     8
         Potion            |     1 |       |       ||     1
 Armour: Leather armour    |     1 |       |       ||     1
         Ring mail         |       |    34 |     7 ||    41
  Dodge: Dodged            |    11 |    40 |     6 ||    57

Table legend:
 A = Non-vault XP
 B = Vault XP
 C = Vault XP percentage of total XP
 D = Non-vault monster count
 E = Vault monster count
 F = Vault count percentage of total count
                 A         B        C        D         E       F
            +---------+---------+-------+---------+---------+-------
      Total |     541 |     239 |  30.6 |      86 |       6 |   6.5
            +---------+---------+-------+---------+---------+-------
        D:1 |      57 |       0 |   0.0 |      27 |       0 |   0.0
        D:2 |      37 |     231 |  86.2 |      18 |       1 |   5.3
        D:3 |      50 |       8 |  13.8 |      15 |       5 |  25.0
        D:4 |     229 |       0 |   0.0 |      16 |       0 |   0.0
        D:5 |     168 |       0 |   0.0 |      10 |       0 |   0.0
            +---------+---------+-------+---------+---------+-------
